Map: Prion Terraces

Players

Miszu - Winner!

  • Race: Terran Terran
  • League: Master

Sweps

  • Race: Protoss Protoss
  • League: Master

VOD

Have the link to the VOD?

Description

Time

  • Played on: April 6, 2016, 2:36 p.m.
  • Length: 13:43
Show
View Real Time Build Order
Export as new Build Order

Miszu Terran - Winner!

Build Orders: 1/1/1, Liberator Opening, MMM Bio 

Get SALT Encoding   

  12  0:01  SCV  
  13  0:14  SCV  
  13  0:18  Supply Depot  
  14  0:26  SCV  
  15  0:40  SCV  
  15  0:41  Barracks  
  16  0:45  Refinery  
  16  0:52  SCV  
  16  0:54  Refinery  
  17  1:04  SCV  
  18  1:17  SCV  
  19  1:29  Marine, Orbital Command  
  20  1:33  Factory  
  20  1:43  Supply Depot  
  20  1:47  Marine  
  21  1:54  SCV  
  22  2:05  Marine  
  22  2:06  SCV  
  24  2:17  Starport  
  24  2:18  Hellion, SCV  
  24  2:22  Supply Depot  
  27  2:28  Marine  
  28  2:30  SCV  
  29  2:40  Hellion  
  29  2:44  SCV  
  32  2:46  Marine  
  32  2:47  Supply Depot  
  33  2:54  Medivac  
  35  3:00  SCV  
  35  3:01  Hellion  
  35  3:05  Marine  
  39  3:09  Supply Depot  
  40  3:12  SCV  
  40  3:22  Liberator  
  40  3:25  SCV  
  41  3:37  SCV  
  41  3:41  Factory Tech Lab  
  45  3:47  Command Center  
  45  3:50  Barracks Reactor  
  45  3:52  SCV  
  46  4:02  Supply Depot  
  46  4:05  SCV  
  46  4:07  Barracks  
  47  4:10  Barracks  
  47  4:22  Liberator  
  41  4:34  SCV  
  41  4:38  Marine x2  
  43  4:39  Siege Tank  
  48  4:46  SCV  
  49  4:58  Barracks Tech Lab x2, SCV  
  50  5:00  Orbital Command  
  50  5:10  Marine x2, SCV  
  53  5:17  Siege Tank  
  56  5:22  SCV  
  56  5:24  Starport Reactor, Marine  
  58  5:29  SCV  
  58  5:30  Refinery  
  58  5:31  Supply Depot  
  58  5:33  Marine, Stimpack  
  58  5:35  Marine, SCV  
  62  5:38  Marine  
  62  5:42  Marine  
  64  5:45  SCV  
  64  5:47  SCV  
  64  5:49  Engineering Bay  
  66  5:51  Marine  
  66  5:53  Marine  
  66  5:54  Supply Depot  
  68  5:57  SCV  
  68  5:59  SCV, Combat Shields  
  70  6:09  SCV  
  70  6:10  Barracks  
  70  6:11  SCV  
  72  6:12  Barracks  
  72  6:14  Marauder  
  72  6:17  Medivac x2  
  78  6:21  SCV  
  78  6:23  SCV  
  77  6:29  Supply Depot  
  77  6:30  Refinery  
  77  6:34  Marine, Marauder  
  77  6:35  Marine  
  77  6:39  Terran Infantry Weapons Level 1  
  83  6:45  Supply Depot  
  83  6:46  Liberator  
  81  6:47  Marauder  
  81  6:52  Marine  
  81  6:53  Supply Depot, Marine  
  85  6:56  Marine  
  85  6:57  Command Center  
  87  7:02  Barracks Tech Lab  
  87  7:03  Barracks Reactor  
  87  7:04  Liberator  
  89  7:12  Marine  
  89  7:13  Marine, Marauder  
  89  7:14  Marauder  
  94  7:16  Supply Depot  
  94  7:17  Supply Depot  
  94  7:22  Marine  
  98  7:30  Marine  
  98  7:34  Marine, Marauder  
  98  7:35  Marine  
  97  7:47  Liberator  
  97  7:48  Marine x3, Marauder, Liberator  
  102  7:52  Marine  
  102  7:53  Marine  
  102  7:55  Marine  
  111  8:06  Marine x3  
  111  8:09  Marauder  
  106  8:17  SCV x3  
  109  8:30  Marine  
  109  8:31  Marine x3, Marauder x3  
  119  8:36  Terran Infantry Armor Level 1  
  119  8:40  Engineering Bay  
  119  8:42  Armory  
  119  8:47  Concussive Shells  
  119  8:48  Marine  
  119  8:49  Marine x3  
  119  8:52  Marine, Marauder  
  124  9:05  Marauder  
  124  9:09  Marine x2  
  127  9:10  Marine x2, Marauder  
  127  9:13  Marine  
  133  9:23  Liberator x2  
  121  9:26  Marine  
  121  9:27  Marine x3  
  121  9:31  Marine, Marauder x2  
  127  9:45  Marine, Marauder  
  132  9:50  Marine x3  
  132  9:52  Marine, Marauder  
  132  10:04  Marine  
  132  10:06  Marauder, Liberator  
  132  10:11  Marauder  
  132  10:13  Marine  
  137  10:14  Marauder  
  137  10:19  Terran Infantry Weapons Level 2  
  137  10:20  Marine  
  137  10:21  Planetary Fortress  
  138  10:27  Marine, Marauder  
  144  10:30  Marine  
  144  10:32  Marauder  
  147  10:38  Marauder  
  149  10:46  Marine  
  149  10:48  Marine x4  
  145  10:53  Marine  
  145  11:04  Marine  
  147  11:06  Marine  
  149  11:12  Marine  
  78  12:34  Barracks Tech Lab  
Show
View Real Time Build Order
Export as new Build Order

Sweps Protoss 

Build Orders:  

Get SALT Encoding   

  12  0:01  Probe (Chrono Boost)  
  13  0:11  Probe (Chrono Boost)  
  14  0:18  Pylon  
  14  0:22  Probe (Chrono Boost)  
  15  0:36  Probe (Chrono Boost)  
  15  0:37  Gateway  
  16  0:47  Probe (Chrono Boost)  
  16  0:48  Assimilator  
  17  0:57  Probe (Chrono Boost)  
  17  0:58  Assimilator  
  17  1:04  Pylon  
  18  1:08  Probe (Chrono Boost)  
  20  1:18  Probe (Chrono Boost)  
  20  1:24  Cybernetics Core  
  20  1:29  Probe (Chrono Boost)  
  21  1:39  Probe (Chrono Boost)  
  22  1:50  Probe (Chrono Boost)  
  23  2:00  Stalker, Probe (Chrono Boost)  
  25  2:11  Mothership Core (Chrono Boost)  
  27  2:18  Nexus  
  27  2:28  Pylon  
  28  2:30  Probe (Chrono Boost)  
  28  2:32  Stalker  
  30  2:40  Probe (Chrono Boost)  
  30  2:42  Warp Gate  
  31  2:46  Forge  
  31  2:51  Probe (Chrono Boost)  
  32  2:59  Robotics Facility  
  32  3:15  Pylon  
  32  3:34  Probe (Chrono Boost)  
  32  3:35  Photon Cannon  
  32  3:41  Stalker  
  34  3:43  Photon Cannon  
  34  3:45  Probe x2 (Chrono Boost)  
  36  3:51  Immortal  
  40  3:57  Probe x2 (Chrono Boost)  
  42  4:07  Probe (Chrono Boost)  
  42  4:08  Probe (Chrono Boost)  
  42  4:09  Pylon  
  43  4:18  Probe (Chrono Boost)  
  43  4:20  Probe (Chrono Boost)  
  45  4:28  Probe (Chrono Boost)  
  45  4:31  Probe (Chrono Boost)  
  44  4:39  Probe (Chrono Boost)  
  44  4:44  Probe (Chrono Boost)  
  46  4:46  Warp Prism  
  46  4:49  Probe (Chrono Boost)  
  46  4:51  Robotics Bay  
  49  4:54  Assimilator, Probe (Chrono Boost)  
  49  4:59  Assimilator  
  51  5:00  Probe (Chrono Boost)  
  51  5:05  Probe (Chrono Boost)  
  52  5:10  Gateway, Probe (Chrono Boost)  
  53  5:15  Probe (Chrono Boost)  
  54  5:25  Pylon  
  54  5:28  Stargate, Pylon  
  54  5:29  Probe (Chrono Boost)  
  54  5:32  Pylon  
  55  5:35  Pylon  
  55  5:36  Probe (Chrono Boost)  
  55  5:49  Disruptor (Chrono Boost)  
  58  5:50  Gravitic Drive  
  58  5:51  Probe  
  58  5:56  Stalker  
  60  6:08  Stalker  
  62  6:21  Disruptor (Chrono Boost)  
  62  6:23  Probe  
  62  6:25  Probe  
  63  6:30  Pylon  
  63  6:34  Phoenix, Probe  
  63  6:37  Probe  
  67  6:43  Stalker x2  
  67  6:44  Probe  
  72  6:49  Probe  
  72  6:52  Observer (Chrono Boost)  
  74  7:01  Probe  
  75  7:10  Probe, Disruptor (Chrono Boost)  
  75  7:11  Nexus  
  79  7:16  Probe  
  79  7:17  Pylon  
  79  7:19  Stalker x2  
  79  7:21  Probe  
  84  7:23  Protoss Ground Weapons Level 1  
  84  7:27  Pylon  
  84  7:29  Pylon  
  85  7:47  Stalker  
  85  7:48  Stalker, Probe  
  85  7:50  Probe  
  91  7:51  Pylon  
  90  7:59  Probe  
  91  8:16  Stalker x2  
  91  8:17  Probe  
  96  8:20  Disruptor (Chrono Boost)  
  96  8:21  Gateway  
  96  8:23  Gateway  
  96  8:26  Gateway  
  91  8:32  Probe  
  92  8:34  Twilight Council  
  92  8:42  Nexus  
  92  8:44  Stalker x2  
  96  8:51  Disruptor (Chrono Boost)  
  96  8:52  Robotics Facility  
  96  8:53  Nexus  
  99  9:04  Pylon  
  99  9:22  Disruptor (Chrono Boost)  
  99  9:23  Stalker x4  
  110  9:29  Blink (Chrono Boost)  
  110  9:47  Stalker x3  
  110  9:48  Stalker x2  
  120  10:03  Pylon  
  120  10:11  Probe x2  
  120  10:12  Pylon  
  120  10:13  Probe  
  120  10:14  Pylon, Probe  
  123  10:16  Templar Archives  
  124  10:21  Probe  
  124  10:22  Probe  
  124  10:24  Stalker  
  124  10:25  Probe x2  
  130  10:42  Dark Shrine  
  81  11:58  Pylon  
  64  12:50  Nexus  
Tags
 
Add a new tag
Caveats
  • Supply blocks, unpowered buildings, or Contaminate may cause inaccurate times.
  • Supply counts are checked every 10 seconds.